Map: [ESL] Pride of Altaris

Players

Zoun

  • Race: Protoss Protoss

Reynor - Winner!

  • Race: Zerg Zerg

Event: IEM Katowice 2022

VOD

Have the link to the VOD?

Description

Time

  • Played on: Feb. 25, 2022, 11:44 a.m.
  • Length: 7:05

All games in this series

Show
View Real Time Build Order
Export as new Build Order

Zoun Protoss 

Build Orders: 1 Gate Expand, Zealot Archon, Archon Drop, Dark Templar Rush 

Get SALT Encoding   

  12  0:00  Probe  
  13  0:12  Probe  
  14  0:18  Pylon  
  14  0:24  Probe (Chrono Boost)  
  15  0:36  Probe (Chrono Boost)  
  15  0:37  Gateway  
  16  0:45  Probe (Chrono Boost)  
  16  0:49  Assimilator  
  17  0:51  Probe  
  18  1:03  Probe  
  19  1:15  Probe  
  20  1:24  Cybernetics Core  
  20  1:31  Nexus  
  20  1:34  Probe  
  21  1:42  Assimilator  
  21  1:46  Probe  
  22  1:49  Pylon  
  22  1:59  Probe  
  23  2:06  Adept (Chrono Boost)  
  25  2:10  Pylon  
  25  2:11  Probe  
  25  2:14  Warp Gate  
  26  2:26  Adept (Chrono Boost)  
  26  2:28  Probe  
  29  2:36  Twilight Council  
  29  2:43  Shield Battery  
  29  2:44  Probe x2  
  31  2:56  Stalker  
  33  2:59  Probe  
  33  3:04  Probe  
  35  3:10  Shield Battery  
  35  3:20  Shield Battery  
  35  3:25  Gateway  
  35  3:28  Adept  
  37  3:49  Shield Battery  
  37  3:51  Shield Battery  
  37  3:53  Dark Shrine  
  37  3:56  Probe  
  37  3:57  Probe  
  39  4:11  Gateway  
  39  4:12  Probe  
  39  4:13  Assimilator  
  40  4:22  Pylon, Probe  
  41  4:24  Probe  
  41  4:29  Robotics Facility  
  42  4:33  Adept  
  42  4:34  Probe (Chrono Boost)  
  42  4:36  Assimilator  
  46  4:40  Charge (Chrono Boost)  
  46  4:43  Pylon, Probe (Chrono Boost)  
  46  4:44  Probe (Chrono Boost)  
  47  4:49  Probe (Chrono Boost)  
  47  4:50  Probe (Chrono Boost)  
  49  5:01  Probe  
  49  5:04  Dark Templar x2  
  49  5:05  Dark Templar  
  56  5:09  Gateway  
  56  5:10  Gateway  
  56  5:13  Probe  
  57  5:18  Immortal (Chrono Boost)  
  61  5:25  Probe  
  62  5:37  Probe  
  62  5:41  Dark Templar  
  62  5:42  Dark Templar  
  67  5:47  Archon  
  69  5:50  Warp Prism (Chrono Boost)  
  69  5:51  Archon  
  69  5:54  Pylon  
  67  5:59  Stalker  
  67  6:03  Gateway  
  69  6:06  Gateway  
  69  6:09  Pylon  
  69  6:11  Pylon  
  69  6:13  Zealot x2  
  69  6:15  Zealot x2  
  71  6:28  Zealot  
  73  6:37  Dark Templar x2  
  61  6:48  Probe  
  61  6:50  Archon  
  61  6:51  Zealot  
  50  6:58  Zealot  
  42  7:01  Zealot  
Show
View Real Time Build Order
Export as new Build Order

Reynor Zerg - Winner!

Build Orders: Pool First 

Get SALT Encoding   

  12  0:00  Drone  
  13  0:11  Overlord  
  13  0:17  Drone  
  14  0:30  Drone x2  
  14  0:34  Drone  
  17  0:44  Extractor  
  17  0:45  Drone  
  17  0:50  Spawning Pool  
  17  0:55  Drone  
  17  1:06  Drone  
  18  1:21  Hatchery  
  18  1:25  Drone  
  18  1:37  Zergling x2  
  18  1:39  Queen  
  19  1:46  Zergling x2  
  22  1:50  Metabolic Boost  
  22  1:55  Overlord  
  22  2:13  Zergling x2  
  22  2:14  Zergling x2  
  24  2:21  Zergling x2  
  25  2:31  Zergling x2  
  25  2:33  Queen  
  25  2:34  Zergling x2  
  29  2:42  Drone  
  30  2:45  Drone  
  30  2:48  Zergling x4  
  30  2:49  Zergling x2  
  34  2:54  Overlord  
  34  2:58  Zergling x2  
  34  3:05  Drone  
  36  3:07  Overlord  
  35  3:17  Drone x2  
  35  3:21  Queen  
  35  3:22  Queen  
  35  3:23  Overlord  
  35  3:24  Drone  
  35  3:27  Drone  
  41  3:32  Drone x2  
  42  3:39  Zergling x2  
  42  3:40  Overlord  
  41  3:48  Drone  
  41  3:51  Drone  
  41  3:53  Drone x2  
  45  3:59  Hatchery  
  45  4:00  Drone x3  
  47  4:03  Drone x2, Extractor  
  48  4:11  Drone  
  48  4:12  Drone  
  48  4:14  Queen  
  52  4:22  Roach Warren, Drone x2  
  52  4:23  Drone  
  54  4:29  Overlord  
  54  4:30  Drone  
  55  4:31  Extractor  
  55  4:34  Drone x3  
  55  4:37  Overlord  
  57  4:43  Lair  
  57  4:45  Drone  
  57  4:49  Overlord  
  58  4:57  Spore Crawler  
  58  4:58  Spore Crawler  
  58  4:59  Drone x2  
  58  5:02  Overlord  
  58  5:04  Roach x2  
  58  5:05  Roach x2  
  58  5:06  Roach  
  68  5:09  Roach  
  68  5:12  Roach x2  
  74  5:19  Queen  
  76  5:24  Roach, Zergling x4  
  80  5:30  Overlord  
  80  5:31  Roach, Zergling x4  
  80  5:32  Ravager x2  
  80  5:34  Zergling x6  
  80  5:35  Zergling x2  
  90  5:40  Overseer  
  86  5:46  Zergling x4  
  86  5:47  Zergling x2  
  86  5:48  Zergling x2  
  86  5:51  Zergling x4  
  86  5:55  Zergling x4  
  88  6:00  Zergling x4  
  88  6:03  Zergling x6  
  93  6:06  Ravager  
  93  6:09  Zergling x6  
  94  6:19  Zergling x2  
  94  6:20  Zergling x4  
  94  6:22  Queen, Ravager  
  98  6:28  Roach  
  98  6:34  Roach x2, Zergling x4  
  98  6:36  Roach  
  98  6:39  Roach, Zergling x2  
  89  7:02  Ravager  

Tags
 
Add a new tag
Caveats
  • Supply blocks, unpowered buildings, or Contaminate may cause inaccurate times.
  • Supply counts are checked every 10 seconds.